 Dungeon Crawl Stone Soup version 0.26-a0-812-g31a745ddcd (webtiles) character file.

Game seed: 3395007591483356863

505034 Lanoc the Slayer (level 25, -1/231 HPs)
             Began as a Merfolk Warper on Nov 16, 2020.
             Was the Champion of Cheibriados.
             Splashed by a caustic shrike's acid (7 damage)
             ... while paralysed by a floating eye
             ... on level 2 of the Depths.
             The game lasted 01:45:37 (52419 turns).

Lanoc the Slayer (Merfolk Warper)                  Turns: 52419, Time: 01:45:37

Health: -1/231     AC: 20    Str: 29    XL:     25   Next: 32%
Magic:  6/28       EV:  2    Int: 38    God:    Cheibriados [******]
Gold:   4940       SH:  0    Dex: 41    Spells: 18/28 levels left

rFire    + . .     SeeInvis .   a - +8 glaive of Jolearat {elec, Str-2 Dex+6}
rCold    + . .     Faith    .   (shield currently unavailable)
rNeg     . . .     Spirit   .   N - +9 plate armour of Gallantry {Int+3 Stlth+}
rPois    +         Reflect  +   v - +1 hat {MR+}
rElec    +         Harm     .   V - scarf {+Inv}
rCorr    .         Rampage  .   k - +1 pair of gloves
MR       ++...     Clarity  +   (no boots)
Stlth    ..........             y - amulet of the Clam {Reflect Fragile +Fly rElec Dex+4 SH+5}
HPRegen  0.48/turn              e - ring "Quanaec" {rPois rF+ rC+ Str+3}
MPRegen  0.21/turn              P - +4 ring of protection

@: paralysed, corroded, very slow
A: change form in water, swift swim, stealthy swim, horns 1, clarity,
deterioration 1, high mp 1, poison resistance
}: 2/15 runes: decaying, serpentine
a: Bend Time, Temporal Distortion, Slouch, Step From Time, Renounce Religion,
Evoke Invisibility, Evoke Flight


You were on level 2 of the Depths.
You worshipped Cheibriados.
Cheibriados was exalted by your worship.
You visited 8 branches of the dungeon, and saw 38 of its levels.
You also visited: Bailey, Gauntlet, Ice Cave, Volcano and Wizlab.

You collected 6143 gold pieces.
You spent 1203 gold pieces at shops.

Inventory:

Hand Weapons
 a - the +8 glaive of Jolearat (weapon) {elec, Str-2 Dex+6}
   (You found it in a Gauntlet)

   Occasionally, upon striking a foe, it will discharge some electrical energy
   and cause terrible harm.
   It affects your strength (-2).
   It affects your dexterity (+6).
 b - a +9 vorpal bardiche
Missiles
 t - 8 throwing nets (quivered)
 B - 17 boomerangs
Armour
 k - a +1 pair of gloves (worn)
 r - quicksilver dragon scales
 v - a +1 hat of magic resistance (worn)
 I - the +4 moon troll leather armour {Spirit, Regen++ MP+5}
   (You took it off a moon troll in a wizard's laboratory)

   It affects your magic capacity (+5).
   It increases your rate of regeneration.
 J - a +2 helmet of intelligence
 N - the +9 plate armour of Gallantry (worn) {Int+3 Stlth+}
   (You found it on level 1 of the Swamp)

   It affects your intelligence (+3).
   It makes you more stealthy.
 O - a +1 crystal plate armour
 V - a scarf of invisibility (worn)
Jewellery
 c - an uncursed ring of protection from magic
 e - the ring "Quanaec" (left hand) {rPois rF+ rC+ Str+3}
   (You acquired it on level 14 of the Dungeon)

   [ring of protection from fire]

   It affects your strength (+3).
   It protects you from fire.
   It protects you from cold.
   It protects you from poison.
 w - the ring "Jilot" {+Blink rCorr Str+5 Dex+2}
   (You found it on level 7 of the Dungeon)

   [ring of resist corrosion]

   It affects your strength (+5).
   It affects your dexterity (+2).
   It lets you blink.
   It provides partial protection from all sources of acid and corrosion.
 y - the amulet of the Clam (around neck) {Reflect Fragile +Fly rElec Dex+4 SH+5}
   (You found it on level 3 of the Swamp)

   [amulet of reflection]

   It shields you and reflects attacks.
   It affects your dexterity (+4).
   It insulates you from electricity.
   It lets you fly.
   It will be destroyed if unequipped.
   It affects your SH (+5).
 H - the amulet "Suoplu" {rElec Regen+ Int+2 Slay+2}
   (You acquired it on level 14 of the Dungeon)

   [amulet of regeneration]

   It affects your intelligence (+2).
   It affects your accuracy and damage with ranged weapons and melee attacks
   (+2).
   It insulates you from electricity.
   It increases your rate of regeneration.
 P - a +4 ring of protection (right hand)
 X - an uncursed ring of stealth
Wands
 f - a wand of enslavement (6)
 R - a wand of random effects (5)
 T - a wand of iceblast (11)
 Z - a wand of acid (9)
Scrolls
 d - 5 scrolls of blinking
 h - 12 scrolls of enchant armour
 i - 6 scrolls of fear
 m - 5 scrolls of teleportation
 n - 8 scrolls of fog
 o - 22 scrolls of identify
 p - 18 scrolls of remove curse
 x - 3 scrolls of magic mapping
 E - a scroll of enchant weapon
 K - 4 scrolls of holy word
 L - 4 scrolls of amnesia
 M - 9 scrolls of summoning
 Q - 3 scrolls of silence
 Y - 6 scrolls of immolation
Potions
 l - 16 potions of curing
 q - 4 potions of lignification
 s - 3 potions of brilliance
 u - 5 potions of attraction
 z - 2 potions of magic
 A - a potion of ambrosia
 C - 13 potions of mutation
 D - 3 potions of invisibility
 F - a potion of cancellation
 G - 7 potions of resistance
 U - 15 potions of flight
 W - 3 potions of might
Miscellaneous
 g - a box of beasts
 S - a lightning rod (4/4)


   Skills:
 + Level 26.3 Fighting
 + Level 22.7 Polearms
 - Level 1.0 Throwing
 + Level 4.6 Armour
 - Level 20.0 Dodging
 - Level 2.0 Spellcasting
 - Level 17.2 Translocations


You had 18 spell levels left.
You knew the following spells:

 Your Spells              Type           Power        Failure   Level
a - Apportation           Tloc           ######       1%          1
b - Blink                 Tloc           N/A          1%          2
c - Passage of Golubria   Tloc           N/A          1%          4
d - Gell's Gravitas       Tloc           #######...   1%          3

Your spell library contained the following spells:

 Spells                   Type           Power        Failure   Level
 Lesser Beckoning         Tloc           #######...   1%          3
 Teleport Other           Tloc           #######.     1%          3
 Portal Projectile        Hex/Tloc       ######       4%          3
 Iskenderun's Mystic Bla  Conj/Tloc      ######..     14%         4
 Animate Skeleton         Necr           #.....       43%         1
 Beastly Appendage        Tmut           #.....       43%         1
 Corona                   Hex            #......      43%         1
 Foxfire                  Conj/Fire      #...         43%         1
 Freeze                   Ice            #...         43%         1
 Magic Dart               Conj           #...         43%         1
 Pain                     Necr           #...         43%         1
 Sandblast                Erth           #.....       43%         1
 Shock                    Conj/Air       #...         43%         1
 Summon Small Mammal      Summ           #...         43%         1
 Call Imp                 Summ           #.......     56%         2
 Passwall                 Tmut/Erth      #.......     56%         2
 Poisonous Vapours        Pois/Air       #.....       56%         2
 Searing Ray              Conj           #.....       56%         2
 Slow                     Hex            #.......     56%         2
 Swiftness                Air            #.......     56%         2
 Wereblood                Tmut           #.......     56%         2
 Call Canine Familiar     Summ           #.......     80%         3
 Confusing Touch          Hex            #.......     80%         3
 Conjure Flame            Conj/Fire      #.......     80%         3
 Dazzling Flash           Conj/Hex       #.....       80%         3
 Frozen Ramparts          Ice            #.....       80%         3
 Inner Flame              Hex/Fire       #.......     80%         3
 Mephitic Cloud           Conj/Pois/Air  #.......     80%         3
 Ozocubu's Armour         Ice            #.......     80%         3
 Spider Form              Tmut/Pois      #.........   80%         3
 Static Discharge         Conj/Air       #.......     80%         3
 Summon Guardian Golem    Hex/Summ       #.......     80%         3
 Tukima's Dance           Hex            #.......     80%         3
 Vampiric Draining        Necr           #.........   80%         3
 Airstrike                Air            #.........   99%         4
 Animate Dead             Necr           #.........   99%         4
 Cause Fear               Hex            #.........   99%         4
 Fulminant Prism          Conj/Hex       #.........   99%         4
 Hailstorm                Conj/Ice       #.......     99%         4
 Ice Form                 Ice/Tmut       #.......     99%         4
 Leda's Liquefaction      Hex/Erth       #.........   99%         4
 Petrify                  Tmut/Erth      #.......     99%         4
 Summon Ice Beast         Ice/Summ       #.......     99%         4
 Summon Lightning Spire   Summ/Air       #.......     99%         4
 Agony                    Necr           #.......     100%        5
 Alistair's Intoxication  Tmut/Pois      #........    100%        5
 Blade Hands              Tmut           #.........   100%        5
 Bolt of Magma            Conj/Fire/Erth #.........   100%        5
 Borgnjor's Vile Clutch   Necr/Erth      #.........   100%        5
 Iskenderun's Battlesphe  Conj           #.......     100%        5
 Lightning Bolt           Conj/Air       #.........   100%        5
 Metabolic Englaciation   Hex/Ice        #.........   100%        5
 Yara's Violent Unravell  Hex/Tmut       #.........   100%        5
 Conjure Ball Lightning   Conj/Air       #.........   100%        6
 Freezing Cloud           Conj/Ice/Air   #.........   100%        6
 Invisibility             Hex            #.......     100%        6
 Iron Shot                Conj/Erth      #.........   100%        6
 Statue Form              Tmut/Erth      #........    100%        6
 Orb of Destruction       Conj           #.........   100%        7
 Spellforged Servitor     Conj/Summ      #.........   100%        7
 Lehudib's Crystal Spear  Conj/Erth      #.........   100%        8


Dungeon Overview and Level Annotations

Branches:
Dungeon (15/15)            Temple (1/1) D:4            Lair (6/6) D:8
  Swamp (4/4) Lair:4        Snake (4/4) Lair:3        Slime (0/5) Lair:5
    Orc (2/2) D:11            Elf (0/3) Orc:2        Vaults (4/5) D:13
  Crypt (0/3) Vaults:2     Depths (2/5) D:15         Bailey (visited)
  IceCv (visited)         Volcano (visited)          WizLab (visited)
Gauntlet (visited)

Altars:
Cheibriados
Elyvilon
Gozag
Kikubaaqudgha
Makhleb
Ru
Trog
Uskayaw
Vehumet
Wu Jian
Xom
The Shining One
Beogh

Shops:
D:6 *   D:10 }   D:12 *   D:14 *(}   Orc:2 *?![   Snake:1 *   Snake:2 :[
Vaults:4 :

Portals:
Hell: Depths:1
Abyss: Depths:1
Ziggurat: Depths:2


Innate Abilities, Weirdness & Mutations

You revert to your normal form in water.
You are very nimble and swift while swimming.
You are very stealthy in the water. (Stealth+)
You have a pair of small horns on your head.
You possess an exceptional clarity of mind.
Your body sometimes deteriorates upon taking damage.
You have an increased reservoir of magic. (+10% MP)
Your system is resistant to poisons. (rPois)


Message History

Casting: Blink (safe; 1% risk of failure)
Confirm with . or Enter, or press ? or * to list all spells.
You blink.
The caustic shrike claws you!
* * * LOW HITPOINT WARNING * * *
You are splashed with acid!
* * * LOW HITPOINT WARNING * * *
The eye of draining gazes at you.
You feel your power leaking away.
You feel much better. You block the caustic shrike's attack.
The floating eye gazes piercingly through you!
You suddenly lose the ability to move!
The caustic shrike claws you but does no damage.
The caustic shrike claws you.
* * * LOW HITPOINT WARNING * * *
The acid corrodes you!
You are splashed with acid!
* * * LOW HITPOINT WARNING * * *
The caustic shrike claws you!
* * * LOW HITPOINT WARNING * * *
You are splashed with acid!
You die...

###
≈♣############.#########
≈≈.....@b))()([(((......
≈♣.###...###############
##..#..## #.#####.#
#...#GGG#...
#.N##G∩.##...
.....#...#.....
≈≈≈.#.#####.###.
#≈§≈≈.##N.#...#


You could see a caustic shrike, a great orb of eyes, a salamander, 2 eyes of
draining and a floating eye.

Vanquished Creatures
  An ancient lich (Depths:2)
  Frederick (Vaults:3)
  Vashnia (Snake:4)
  A caustic shrike (Depths:2)
  A golden dragon (Depths:2)
  Rupert (Lair:4)
  A moon troll (WizLab)
  2 quicksilver dragons
  The ghost of Yendr0 the Warrior, an adept MiFi of Makhleb (Snake:4)
  An ancient champion (Vaults:2)
  A sphinx (Vaults:2)
  The ghost of Ecilena the Fencer, an adept DsBe of Trog (Snake:2)
  Gastronok (Lair:3)
  8 tentacled starspawn (WizLab)
  A shadow dragon (Vaults:3)
  A tengu reaver (Depths:2)
  Donald (Vaults:2)
  9 nagarajas
  3 fenstrider witches
  2 fire giants (Depths:2)
  Roxanne (Snake:2)
  7 vault wardens
  2 deep elf sorcerers
  4 frost giants
  The ghost of Rizerol the Grappler, a journeyman TrFi of Yredelemnul (Lair:6)
  Louise (Snake:2)
  A cacodemon (WizLab)
  Aizul (Snake:2)
  16 ironheart preservers
  An orc warlord (Vaults:1)
  A deep elf elementalist (Depths:2)
  21 stone giants
  3 war gargoyles
  The ghost of Boczoxzokh the Severer, a journeyman DDFi of Makhleb (Swamp:3)
  9 very ugly things
  An entropy weaver (Vaults:3)
  2 deep elf demonologists
  Nessos (D:14)
  5 bunyips
  A dire elephant (Lair:6)
  2 deep elf annihilators
  A minotaur (Gauntlet)
  A spark wasp (Depths:2)
  Snorg (Lair:3)
  3 ettins
  7 eleionomae
  7 yaktaur captains
  2 deep elf death magi
  2 shambling mangroves
  6 fire dragons
  10 great orbs of eyes
  6 vault guards
  2 rakshasas (Vaults:1)
  14 naga warriors
  5 boulder beetles
  An ice dragon (D:15)
  A spriggan air mage (Depths:2)
  27 hydras
  11 centaur warriors
  24 two-headed ogres
  3 catoblepae
  2 ghost crabs
  11 anacondas
  4 alligators
  6 deep troll earth magi
  3 death knights
  3 deep troll shamans
  A dancing weapon (Snake:4)
  The ghost of rigao the Fighter, a novice BaSu of Okawaru (Lair:1)
  2 tengu warriors (D:13)
  10 ogre magi
  11 death yaks
  3 spriggan berserkers
  2 shock serpents
  2 vampire magi
  10 naga sharpshooters
  6 deep elf knights
  4 goliath frogs
  A wretched star (WizLab)
  26 deep trolls
  3 salamander mystics
  A skeletal warrior (Vaults:1)
  2 flayed ghosts
  4 unseen horrors
  2 shadow wraiths
  3 spriggan druids
  An orange crystal statue (WizLab)
  4 starcursed masses (WizLab)
  A glowing orange brain (shapeshifter) (Vaults:4)
  10 naga ritualists
  3 glowing orange brains (WizLab)
  4 wizards
  4 necromancers
  A wolf spider zombie (D:15)
  8 bog bodies
  11 swamp dragons
  3 lindwurms (Lair:6)
  11 deep elf archers
  13 ironbrand convokers
  15 deep elf magi
  16 orc knights
  2 wolf spiders
  5 harpies (Vaults:1)
  A phantasmal warrior (Vaults:1)
  7 mana vipers
  2 manticores
  5 cyclopes
  A moth of wrath (Lair:6)
  6 will-o-the-wisps
  7 salamanders
  34 ugly things
  15 vault sentinels
  45 black mambas
  An ice statue (IceCv)
  7 eyes of devastation
  23 naga magi
  8 elephants
  A molten gargoyle (Gauntlet)
  27 cane toads
  A cane toad (shapeshifter) (Vaults:2)
  An apocalypse crab (Gauntlet)
  5 guardian serpents
  A torpor snail (Lair:6)
  A gargoyle (Gauntlet)
  7 rime drakes
  A komodo dragon (shapeshifter) (D:14)
  An efreet (Volcano)
  4 komodo dragons
  2 kobold demonologists
  A demonic crawler (D:12)
  2 freezing wraiths
  33 yaktaurs
  3 tengu conjurers
  9 trolls
  A queen bee (Lair:1)
  7 meliai
  11 tyrant leeches
  26 polar bears
  23 hornets
  24 blink frogs
  A sphinx simulacrum (Vaults:2)
  9 slime creatures
  2 tengu simulacra (Vaults:3)
  A blink frog (shapeshifter) (Depths:2)
  An ettin zombie (Vaults:3)
  2 meliai zombies
  13 dream sheep (Lair:6)
  A shadow (D:15)
  4 redbacks
  16 spriggans
  A yak (shapeshifter) (Vaults:4)
  A spriggan (shapeshifter) (Vaults:4)
  3 vampires
  15 wyverns
  5 wraiths
  123 yaks
  A human simulacrum (Vaults:2)
  22 humans (D:13)
  3 fire elementals (Volcano)
  2 golden eyes (WizLab)
  3 basilisks
  3 neqoxecs (WizLab)
  A steam dragon (Lair:3)
  A hog (shapeshifter) (Depths:1)
  A deep troll zombie (Vaults:3)
  9 vampire mosquitoes
  A soldier ant (shapeshifter) (D:14)
  8 wargs
  2 acid dragons
  13 swamp worms
  2 hell hounds (Lair:4)
  Duvessa (D:6)
  Edmund (D:4)
  41 nagas
  2 floating eyes (Depths:2)
  23 water moccasins
  A meliai simulacrum (D:15)
  52 orc warriors
  5 sky beasts
  2 eyes of draining
  11 black bears
  A hornet zombie (D:5)
  4 ice beasts
  11 swamp drakes
  A necrophage (D:8)
  5 phantoms
  30 wolves
  19 ogres
  A human skeleton (Vaults:3)
  17 centaurs
  A big kobold (shapeshifter) (Vaults:1)
  A wyvern zombie (D:7)
  An earth elemental (Volcano)
  18 bullfrogs
  2 gnoll sergeants (D:6)
  Dowan (D:6)
  A wyvern skeleton (D:12)
  7 scorpions
  A water moccasin zombie (D:7)
  A hornet simulacrum (D:9)
  12 killer bees
  6 wights
  9 howler monkeys
  4 electric eels
  A bullfrog zombie (D:12)
  6 centaur skeletons
  5 centaur zombies
  A quasit (D:13)
  A jelly (D:10)
  22 orc wizards
  20 orc priests
  6 hounds
  2 bullfrog skeletons
  2 gnoll shamans
  3 iguanas
  8 worker ants
  A killer bee zombie (D:9)
  A hound zombie (D:6)
  A worker ant zombie (D:5)
  Robin (D:2)
  54 gnolls
  A howler monkey skeleton (D:7)
  15 adders
  3 shadow imps
  5 white imps
  5 ufetubi
  An adder skeleton (D:5)
  3 worms
  4 dart slugs
  3 adder simulacra (D:9)
  4 leopard geckos
  123 orcs
  16 bats
  8 giant cockroaches
  3 hobgoblins
  22 jackals
  22 kobolds
  6 quokkas
  4 ball pythons
  7 frilled lizards
  16 goblins
  A jackal skeleton (D:4)
  A leopard gecko zombie (D:7)
  9 rats
  13 starspawn tentacles (WizLab)
1837 creatures vanquished.

Vanquished Creatures (others)
  A fire dragon (Vaults:4)
  A spriggan berserker (Swamp:4)
  An orc knight (Vaults:3)
  An ugly thing (D:15)
  2 bloated husks
  3 water elementals (Depths:1)
  A naga (Snake:4)
  2 bushes (Lair:4)
  5 demonic plants (WizLab)
  12 foxfires
  60 fungi
  110 plants
  10 starspawn tentacles (WizLab)
209 creatures vanquished.

Grand Total: 2046 creatures vanquished

Notes
Turn   | Place    | Note
-------+----------+-------------------------------------------
     0 | D:1      | Lanoc the Merfolk Warper began the quest for the Orb.
     0 | D:1      | Reached XP level 1. HP: 16/16 MP: 3/3
   456 | D:1      | Reached XP level 2. HP: 14/23 MP: 5/5
  1686 | D:2      | Reached XP level 3. HP: 28/28 MP: 6/6
  1698 | D:2      | Learned a level 2 spell: Blink
  1950 | D:2      | Noticed Robin
  1978 | D:2      | Killed Robin
  1978 | D:2      | Reached XP level 4. HP: 11/34 MP: 7/7
  1990 | D:2      | Reached skill level 3 in Fighting
  2161 | D:2      | Reached skill level 5 in Polearms
  2297 | D:2      | Found a radiant altar of Vehumet.
  2892 | D:3      | Reached XP level 5. HP: 41/41 MP: 8/8
  2936 | D:3      | Learned a level 1 spell: Apportation
  4056 | D:3      | Reached XP level 6. HP: 48/48 MP: 9/9
  4382 | D:3      | Found a snail-covered altar of Cheibriados.
  4417 | D:3      | Became a worshipper of Cheibriados the Contemplative
  4672 | D:4      | Reached skill level 4 in Fighting
  4977 | D:4      | Reached skill level 5 in Dodging
  5113 | D:4      | Found a staircase to the Ecumenical Temple.
  5117 | Temple   | Entered the Ecumenical Temple
  5309 | D:4      | Reached * piety under Cheibriados
  5312 | D:4      | Noticed Edmund
  5332 | D:4      | Killed Edmund
  5332 | D:4      | Reached XP level 7. HP: 22/55 MP: 10/10
  5690 | D:5      | Entered Level 5 of the Dungeon
  5690 | D:5      | Found a white marble altar of Elyvilon.
  6597 | D:5      | Found a burning altar of Makhleb.
  6734 | D:5      | Reached XP level 8. HP: 61/61 MP: 11/11
  6828 | D:6      | Reached skill level 5 in Fighting
  6876 | D:6      | Found an ornate altar of the Wu Jian Council.
  6917 | D:5      | Reached ** piety under Cheibriados
  7413 | D:6      | Found Tick's General Store.
  7441 | D:6      | Reached skill level 10 in Polearms
  7441 | D:6      | Noticed Duvessa
  7450 | D:6      | Noticed Dowan
  7480 | D:6      | Killed Duvessa
  7493 | D:6      | Killed Dowan
  7727 | D:6      | Found an opulent altar of Gozag.
  7864 | D:6      | Reached *** piety under Cheibriados
  8026 | D:6      | Reached XP level 9. HP: 48/69 MP: 12/12
  8210 | D:6      | Reached skill level 6 in Fighting
  8313 | D:6      | Reached **** piety under Cheibriados
  8608 | D:7      | Found a glowing golden altar of the Shining One.
  8905 | D:7      | Got a flickering glass ring
  8907 | D:7      | Identified the ring "Jilot" {+Blink rCorr Str+5 Dex+2} (You
                  | found it on level 7 of the Dungeon)
  9126 | D:7      | Reached skill level 5 in Translocations
  9190 | D:7      | Reached ***** piety under Cheibriados
  9191 | D:7      | Found an ancient bone altar of Kikubaaqudgha.
  9193 | D:7      | Reached skill level 7 in Fighting
  9227 | D:7      | Found a white marble altar of Elyvilon.
  9314 | D:7      | Found a shimmering altar of Xom.
  9315 | D:7      | Found a shimmering altar of Xom.
  9320 | D:7      | Found a shimmering altar of Xom.
  9321 | D:7      | Found a shimmering altar of Xom.
  9321 | D:7      | Found a shimmering altar of Xom.
  9321 | D:7      | Found a shimmering altar of Xom.
  9322 | D:7      | Found a shimmering altar of Xom.
  9323 | D:7      | Found a shimmering altar of Xom.
  9323 | D:7      | Found a shimmering altar of Xom.
  9399 | D:7      | Found a burning altar of Makhleb.
  9548 | D:8      | Got a crystal rapier
  9548 | D:8      | Identified the +4 rapier of Maismun {venom, +Inv rF+ Str-5}
                  | (You found it on level 8 of the Dungeon)
  9635 | D:8      | Reached XP level 10. HP: 78/79 MP: 13/13
  9904 | D:8      | Reached skill level 8 in Fighting
  9916 | D:8      | Found a staircase to the Lair.
 10000 | D:9      | Found a flagged portal.
 10015 | Bailey   | Entered a bailey
 10136 | Bailey   | Noticed an orc knight
 10141 | Bailey   | Found a bloodstained altar of Trog.
 10176 | Bailey   | Killed an orc knight
 10176 | Bailey   | Reached skill level 10 in Dodging
 10478 | D:9      | Reached skill level 9 in Fighting
 10562 | D:9      | Reached ****** piety under Cheibriados
 10779 | D:9      | Reached XP level 11. HP: 89/89 MP: 14/14
 10851 | D:9      | Found a hide-covered altar of Uskayaw.
 11390 | D:10     | Entered Level 10 of the Dungeon
 11390 | D:10     | Noticed a purple ugly thing
 11401 | D:9      | Killed a purple ugly thing
 11506 | D:10     | Reached skill level 10 in Fighting
 11599 | D:10     | Learned a level 4 spell: Passage of Golubria
 11742 | D:10     | Found Ykkoj's Gadget Shop.
 11940 | D:10     | Got a dazzling ring mail
 11950 | D:10     | Identified the +1 ring mail of Protective Custody {Int+7}
                  | (You found it on level 10 of the Dungeon)
 12063 | D:11     | Noticed a two-headed ogre
 12074 | D:11     | Killed a two-headed ogre
 12176 | D:11     | Noticed a two-headed ogre
 12187 | D:11     | Reached skill level 11 in Fighting
 12192 | D:11     | Killed a two-headed ogre
 12372 | D:11     | Noticed a cyan ugly thing
 12382 | D:11     | Killed a cyan ugly thing
 12382 | D:11     | Reached XP level 12. HP: 78/100 MP: 15/15
 12486 | D:11     | Found a staircase to the Orcish Mines.
 13249 | D:12     | Found Idwoirph's Changing Room.
 13258 | D:12     | Reached skill level 12 in Fighting
 13384 | D:12     | Bought a potion of mutation for 128 gold pieces
 13384 | D:12     | Bought a potion of mutation for 128 gold pieces
 13384 | D:12     | Bought 2 potions of lignification for 96 gold pieces
 13384 | D:12     | Gained mutation: You possess an exceptional clarity of
                  | mind. [potion of mutation]
 13384 | D:12     | Gained mutation: You are somewhat resistant to further
                  | mutation. [potion of mutation]
 14522 | D:13     | Reached skill level 15 in Dodging
 14556 | D:13     | Reached skill level 13 in Fighting
 14820 | D:13     | Found a gate to the Vaults.
 14820 | D:13     | Noticed a vault guard
 14872 | D:13     | Killed a vault guard
 14875 | D:13     | Reached XP level 13. HP: 102/111 MP: 11/16
 15182 | D:13     | Reached skill level 14 in Fighting
 16400 | D:14     | Identified 2 scrolls of acquirement
 16411 | D:14     | Found Lidghuno's Antique Weapon Boutique.
 16798 | D:14     | Acquired the amulet "Suoplu" {rElec Regen+ Int+2 Slay+2}
 16807 | D:14     | Acquired the ring "Quanaec" {rPois rF+ rC+ Str+3}
 16994 | D:14     | Found a sacrificial altar of Ru.
 17140 | D:14     | Found Magey's Assorted Antiques.
 17160 | D:14     | Bought a potion of mutation for 192 gold pieces
 17160 | D:14     | Bought a smoky ruby potion for 21 gold pieces
 17160 | D:14     | Bought a potion of heal wounds for 120 gold pieces
 17318 | D:14     | Noticed Nessos
 17336 | D:14     | Killed Nessos
 17336 | D:14     | Reached skill level 15 in Fighting
 17470 | D:14     | Found Foroqun's Gadget Shop.
 17608 | D:15     | Entered Level 15 of the Dungeon
 17985 | D:15     | Reached XP level 14. HP: 109/123 MP: 17/17
 18781 | D:15     | Found a staircase to the Depths.
 18842 | D:15     | Reached skill level 16 in Fighting
 19072 | Orc:1    | Entered Level 1 of the Orcish Mines
 19211 | Orc:1    | Found a runed translucent door.
 19606 | Orc:1    | Found a roughly hewn altar of Beogh.
 19686 | Orc:2    | Entered Level 2 of the Orcish Mines
 19735 | Orc:2    | Found a gate leading to a gauntlet.
 19743 | Orc:2    | Found a staircase to the Elven Halls.
 19753 | Gauntlet | Entered a Gauntlet
 19753 | Gauntlet | Found a transporter.
 19753 | Gauntlet | Found a transporter.
 19754 | Gauntlet | Found a transporter.
 19754 | Gauntlet | Found a transporter.
 19757 | Gauntlet | Found a transporter.
 19768 | Gauntlet | Found a transporter.
 19789 | Gauntlet | Found a transporter.
 19811 | Gauntlet | Found a transporter.
 19829 | Gauntlet | Found a transporter.
 19837 | Gauntlet | Found a transporter.
 19857 | Gauntlet | Found a transporter.
 19907 | Gauntlet | Found a transporter.
 20034 | Gauntlet | Got a glittering amber ring
 20049 | Gauntlet | Identified the ring of Qeulad {*Tele MR+ Stlth+} (You found
                  | it in a Gauntlet)
 20121 | Gauntlet | Identified a ring of the Octopus King {rF+ AC+1 EV+1 Str+1
                  | Int+1 Dex+1}
 20282 | Gauntlet | Got an ichor-stained glaive
 20282 | Gauntlet | Identified the +8 glaive of Jolearat {elec, Str-2 Dex+6}
                  | (You found it in a Gauntlet)
 20382 | Orc:2    | Found Odoraol's General Store.
 20482 | Orc:2    | Found Japlen's Magic Scroll Emporium.
 20577 | Orc:2    | Bought a scroll of teleportation for 33 gold pieces
 20577 | Orc:2    | Bought a scroll of blinking for 82 gold pieces
 20775 | Orc:2    | Found a roughly hewn altar of Beogh.
 20918 | Orc:2    | Found a roughly hewn altar of Beogh.
 20993 | Orc:2    | Found Tephuxed's Antique Armour Emporium.
 20993 | Orc:2    | Found Ogixzapo's Distillery.
 21008 | Orc:2    | Bought 3 potions of heal wounds for 195 gold pieces
 21008 | Orc:2    | Bought a potion of curing for 39 gold pieces
 21008 | Orc:2    | Bought a potion of resistance for 130 gold pieces
 21008 | Orc:2    | Bought a potion of curing for 39 gold pieces
 21504 | Lair:1   | Entered Level 1 of the Lair of Beasts
 21664 | Lair:1   | Found a transporter.
 21669 | Lair:1   | Found a transporter.
 21670 | Lair:1   | Noticed rigao's ghost (novice BaSu)
 21877 | Lair:1   | Reached XP level 15. HP: 90/132 MP: 9/18
 22494 | Lair:1   | Killed rigao's ghost
 22561 | Lair:1   | Got a wizard robe
 22571 | Lair:1   | Identified the +4 robe "Neog Oll" {+Inv rPois rF+} (You
                  | found it on level 1 of the Lair of Beasts)
 23029 | Lair:2   | Reached skill level 15 in Polearms
 23430 | Lair:3   | Noticed Snorg
 23441 | Lair:3   | Found a staircase to the Snake Pit.
 23452 | Lair:3   | Found a frozen archway.
 23460 | IceCv    | Entered an ice cave
 23560 | IceCv    | Reached skill level 17 in Fighting
 23915 | IceCv    | Noticed a frost giant
 23922 | IceCv    | Killed a frost giant
 24528 | Lair:3   | Noticed Gastronok
 24547 | Lair:3   | Killed Gastronok
 24929 | Lair:3   | Killed Snorg
 24929 | Lair:3   | Reached XP level 16. HP: 122/141 MP: 19/19
 25291 | Lair:4   | Found a dark tunnel.
 25300 | Volcano  | Entered a volcano
 25541 | Lair:4   | Noticed Rupert
 25543 | Lair:4   | Paralysed by Rupert for 6 turns
 25557 | Lair:4   | Killed Rupert
 25837 | Lair:4   | Found a staircase to the Swamp.
 26407 | Lair:5   | Identified the cursed +3 trident "Panele Ukao" {venom,
                  | Str+4} (You found it on level 5 of the Lair of Beasts)
 26658 | Lair:5   | Found a staircase to the Slime Pits.
 26792 | Lair:5   | Reached skill level 18 in Fighting
 26993 | Lair:6   | Entered Level 6 of the Lair of Beasts
 27365 | Lair:6   | Identified the +7 fustibalus "Hell-Harrower" {speed, rElec}
                  | (You found it on level 6 of the Lair of Beasts)
 27777 | Lair:6   | Got a faintly glowing pewter ring
 27778 | Lair:6   | Identified the ring "Puemied" {Fire rElec Dex+2} (You found
                  | it on level 6 of the Lair of Beasts)
 27991 | Lair:6   | Found a bloodstained altar of Trog.
 27991 | Lair:6   | Noticed Rizerol's ghost (journeyman TrFi)
 27996 | Lair:6   | Found a transporter.
 27999 | Lair:6   | Identified the +4 spear "Echer" {antimagic, +Inv rPois
                  | Stlth+}
 28056 | Lair:6   | Found a transporter.
 28221 | Lair:6   | Reached XP level 17. HP: 151/151 MP: 20/20
 28231 | Lair:6   | Reached skill level 19 in Fighting
 28677 | Lair:6   | Killed Rizerol's ghost
 28922 | Swamp:1  | Entered Level 1 of the Swamp
 29309 | Swamp:1  | Reached skill level 20 in Fighting
 29329 | Swamp:1  | Got a twisted plate armour
 29339 | Swamp:1  | Identified the +9 plate armour of Gallantry {Int+3 Stlth+}
                  | (You found it on level 1 of the Swamp)
 29882 | Swamp:2  | Paralysed by a fenstrider witch for 7 turns
 29889 | Swamp:2  | HP: 5/155 [swamp worm (4)]
 30818 | Swamp:3  | Got a brightly glowing robe
 30829 | Swamp:3  | Identified the +0 robe of the Salmon {+Inv rElec rN+
                  | Stlth+} (You found it on level 3 of the Swamp)
 31128 | Swamp:3  | Found a large runed translucent door.
 31128 | Swamp:3  | Found a large runed translucent door.
 31131 | Swamp:3  | Noticed Boczoxzokh's ghost (journeyman DDFi)
 31148 | Swamp:3  | Killed Boczoxzokh's ghost
 31152 | Swamp:3  | Identified the amulet of the Clam {Reflect Fragile +Fly
                  | rElec Dex+4 SH+5} (You found it on level 3 of the Swamp)
 31156 | Swamp:3  | Identified the cursed +1 scimitar "Sapha" {pain, Stlth+}
                  | (You found it on level 3 of the Swamp)
 31324 | Swamp:4  | Entered Level 4 of the Swamp
 31330 | Swamp:4  | Paralysed by a fenstrider witch for 4 turns
 31852 | Swamp:4  | Reached XP level 18. HP: 128/164 MP: 18/21
 32004 | Swamp:4  | Reached skill level 21 in Fighting
 32048 | Swamp:4  | Reached skill level 10 in Translocations
 32598 | Swamp:4  | Got a decaying rune of Zot
 32781 | Swamp:4  | Learned a level 3 spell: Gell's Gravitas
 32924 | Snake:1  | Entered Level 1 of the Snake Pit
 33709 | Snake:1  | Found Ymeh's Assorted Antiques.
 33862 | Snake:2  | Found a burning altar of Makhleb.
 33880 | Snake:2  | Found Fiaheofu's Book Emporium.
 33886 | Snake:2  | Found Ateuch's Antique Armour Shoppe.
 33930 | Snake:2  | Found a runed translucent gate.
 33930 | Snake:2  | Found a runed translucent gate.
 33972 | Snake:2  | Identified the +1 robe of the Onion {rF+} (You found it on
                  | level 2 of the Snake Pit)
 33999 | Snake:2  | Noticed Louise
 34015 | Snake:2  | Killed Louise
 34068 | Snake:2  | Found a runed translucent gate.
 34068 | Snake:2  | Noticed Ecilena's ghost (adept DsBe)
 34331 | Snake:2  | Identified Roxanne's Collected Works on Stones
 34331 | Snake:2  | Noticed Roxanne
 34345 | Snake:2  | Killed Roxanne
 34404 | Snake:2  | Noticed Aizul
 34419 | Snake:2  | Killed Aizul
 34638 | Snake:2  | Killed Ecilena's ghost
 35180 | Snake:3  | Reached skill level 22 in Fighting
 35341 | Snake:3  | Reached XP level 19. HP: 174/174 MP: 22/22
 36277 | Snake:4  | Entered Level 4 of the Snake Pit
 36523 | Snake:4  | Found a runed translucent door.
 36523 | Snake:4  | Found a shimmering altar of Xom.
 36523 | Snake:4  | Noticed Yendr0's ghost (adept MiFi)
 36546 | Snake:4  | Noticed Vashnia
 36563 | Snake:4  | Killed Vashnia
 36714 | Snake:4  | Killed Yendr0's ghost
 38434 | Snake:4  | Reached skill level 23 in Fighting
 38771 | Snake:4  | Got a serpentine rune of Zot
 39173 | Vaults:1 | Entered Level 1 of the Vaults
 39607 | Vaults:1 | Reached XP level 20. HP: 95/185 MP: 23/23
 42292 | Vaults:2 | Paralysed by a sphinx for 5 turns
 42527 | Vaults:2 | Reached skill level 24 in Fighting
 42698 | Vaults:2 | Found a staircase to the Crypt.
 42698 | Vaults:2 | Noticed Donald
 42713 | Vaults:2 | Killed Donald
 42852 | Vaults:2 | Reached XP level 21. HP: 195/195 MP: 24/24
 43660 | Vaults:3 | Reached skill level 15 in Translocations
 45201 | Vaults:3 | Reached skill level 25 in Fighting
 45262 | Vaults:3 | Noticed Frederick
 45272 | Vaults:3 | Killed Frederick
 46537 | Vaults:4 | Found Egib's Book Shoppe.
 46747 | Vaults:4 | Reached XP level 22. HP: 206/206 MP: 25/25
 48249 | Depths:1 | Entered Level 1 of the Depths
 48256 | Depths:1 | Found a gateway to Hell.
 48317 | Depths:1 | Found a magical portal.
 48452 | WizLab   | Entered Lehudib's Moon Base
 48821 | WizLab   | Paralysed by a great orb of eyes for 4 turns
 48928 | WizLab   | Gained mutation: Scrolls take you a little longer to read.
                  | [a neqoxec]
 49082 | WizLab   | Found a transporter.
 49090 | WizLab   | Reached XP level 23. HP: 208/215 MP: 26/26
 49091 | WizLab   | Reached XP level 24. HP: 216/223 MP: 26/26
 49147 | WizLab   | Reached skill level 1 in Armour
 49272 | WizLab   | Paralysed by accursed screaming for 1 turns
 49279 | WizLab   | Paralysed by accursed screaming for 1 turns
 49864 | WizLab   | Found a transporter.
 49919 | WizLab   | Reached skill level 26 in Fighting
 50618 | WizLab   | Lost mutation: You are somewhat resistant to further
                  | mutation. [potion of mutation]
 50618 | WizLab   | Lost mutation: Scrolls take you a little longer to read.
                  | [potion of mutation]
 50618 | WizLab   | Gained mutation: Your system is resistant to poisons.
                  | (rPois) [potion of mutation]
 50618 | WizLab   | Gained mutation: You have a pair of small horns on your
                  | head. [potion of mutation]
 50618 | WizLab   | Gained mutation: You have an increased reservoir of magic.
                  | (+10% MP) [potion of mutation]
 50738 | WizLab   | Gained mutation: Your body sometimes deteriorates upon
                  | taking damage. [a neqoxec]
 50862 | WizLab   | Identified Lehudib's Volume of Earth and Combat Magic
 51038 | Depths:1 | Found a one-way gate to the infinite horrors of the Abyss.
 51336 | Depths:1 | Got a warped bronze ring
 51343 | Depths:1 | Identified the ring of Rinateashrou {Int+2 Stlth+} (You
                  | found it on level 1 of the Depths)
 51444 | Depths:2 | Reached XP level 25. HP: 121/230 MP: 28/28
 51489 | Depths:2 | Paralysed by a floating eye for 3 turns
 51875 | Depths:2 | Noticed an ancient lich
 51884 | Depths:2 | Paralysed by a floating eye for 4 turns
 51898 | Depths:2 | Killed an ancient lich
 52052 | Depths:2 | HP: 10/230 [stone giant (21)]
 52378 | Depths:2 | Identified the +11 great sword of Moderation {holy, +Blink
                  | rF+ rN+ Dex-4}
 52399 | Depths:2 | Found a gateway to a ziggurat.
 52400 | Depths:2 | Paralysed by a floating eye for 2 turns
 52417 | Depths:2 | HP: 10/231 [caustic shrike (7)]
 52417 | Depths:2 | HP: 3/231 [acid (7)]
 52418 | Depths:2 | Paralysed by a floating eye for 3 turns
 52419 | Depths:2 | Splashed by a caustic shrike's acid

Illustrated notes

Levels and vault maps discovered:
D:1:      tarquinn_simple_flora_water_b, layout_basic
D:2:      wander_river, layout_basic, overflow_temple_1_default, uniq_robin
D:3:      layout_loops_ring, cheibriados_altar_1
D:4:      layout_basic, temple_hall_moat, uniq_edmund
D:5:      layout_loops_ring, overflow_temple_1_default,
          makhleb_blood_cavern_becter
D:6:      lemuel_castle_with_subvaults [lemuel_castle_interior_carwin_2],
          layout_cave_pools, nicolae_overflow_crystal_walls,
          nicolae_gozag_seed_capital, serial_shops, nicolae_shop_waterfront,
          uniq_duvessa
D:7:      minmay_skewed_foursquare, layout_rooms, lemuel_crystal_altar,
          xom_shifter_show, kiku_gazebo_garden_becter, basic_altar,
          elyvilon_altar_5
D:8:      layout_rooms, erik_lair_orcish_takeover
D:9:      layout_roguey, overflow_temple_1_default, serial_ice, serial_ice_f,
          serial_ice_e, serial_ice_d, serial_ice_j, serial_ice_h, serial_ice_g,
          serial_ice_m, serial_ice_o, serial_ice_a, serial_ice_c, enter_bailey_2
D:10:     layout_rooms, serial_shops,
          nicolae_shop_temple_entry_statues_fountains
D:11:     layout_cave_pools, orc_0_dummy, special_room [special_room_orc]
D:12:     layout_roguey, nicolae_transmutations_shop, worms_lemuel
D:13:     layout_roguey, grunt_vaults_entry_tiered, patterned_corridor
D:14:     layout_roguey, serial_glass, glass_columns_c, glass_columns_b,
          glass_columns_c, serial_shops, nicolae_shop_overgrown_old_shop,
          nicolae_shop_waterfront, kennysheep_mini_moat,
          nicolae_ru_sacrificial_ziggurat, uniq_nessos
D:15:     grunt_enter_depths_hoard, layout_loops_corners, st_stairs_9
Temple:   minmay_temple_bridge_abc
Lair:1:   layout_concentric_octagons, gammafunk_ghost_hive, hibernation_bobbens,
          grunt_megastairs_5
Lair:2:   layout_cellular_growth, grunt_megastairs_4
Lair:3:   beast_lair_carwin_large_4, layout_gridlike,
          minmay_snake_entry_guardpost_small, portal_ice_cave_rime,
          serial_bayou_pond_b, roderic_batcave, uniq_gastronok, uniq_snorg
Lair:4:   layout_loops_ring, nicolae_swamp_entry_splash_gauntlet,
          enter_volcano_3, beast_lair_carwin_5, uniq_rupert
Lair:5:   layout_loops_ring, minmay_slime_entry_eyes, serial_bayou_crossing
Lair:6:   hangedman_lair_tendril_chambers, layout_regular_city,
          hangedman_lair_in_review, gammafunk_ghost_wrathful_warriors,
          serial_forest, infiniplex_forest_end_1, infiniplex_forest_corner_2,
          infiniplex_forest_clump_medium, infiniplex_forest_clump_tiny,
          infiniplex_forest_corner_2, infiniplex_forest_clump_double,
          infiniplex_forest_straight_5, infiniplex_forest_straight_3
Swamp:1:  layout_falls_marsh, serial_swamp_ruin, evilmike_swamp_ruin_house_5,
          evilmike_swamp_ruin_house_6, swamp_pool4, nicolae_swamp_little_tower
Swamp:2:  layout_basic_swamp, evilmike_swamp_ruin_house_2, swamp_pool2
Swamp:3:  layout_basic_swamp, ebering_ghost_disaster_area,
          hangedman_swamp_ruin_wall
Swamp:4:  swamp_basic_johnstein, layout_basic_swamp, infiniplex_staircase_pool
Snake:1:  layout_honeycomb, serial_shops, nicolae_shop_overgrown_old_shop,
          serial_bayou_shore_a
Snake:2:  layout_misc_corridors, ebering_ghost_rock_garden, basic_altar,
          minmay_shoptagon, lemuel_fruit_tree, uniq_louise, uniq_aizul,
          uniq_roxanne
Snake:3:  layout_grid_maze, grunt_megastairs_3
Snake:4:  snake_pit, layout_cave_town, ebering_ghost_xom, grunt_megastairs_2,
          uniq_vashnia
Orc:1:    layout_caves, lightli_church_of_beogh
Orc:2:    st_orc_town, layout_caves, gauntlet_entry_generic, basic_altar
Vaults:1: ontoclasm_vaults_loading_screen, ontoclasm_vaults_spin,
          nicolae_vaults_an_arrangement, ontoclasm_vaults_chip, v_misc_13,
          v_misc_24, grunt_vaults_hallway_short, vaults_room_pools,
          layout_vaults_omnigrid
Vaults:2: ontoclasm_vaults_hangar, nicolae_vaults_hallways_thing,
          vaults_room_corners, ontoclasm_vaults_loading_screen, v_misc_9,
          minmay_crypt_entry_simple_plaza, v_alt_pattern_5,
          nicolae_vaults_triangles, nicolae_vaults_alarming,
          vaults_room_fancy_cross, layout_vaults_omnibox, uniq_donald
Vaults:3: ontoclasm_vaults_ring_small, vaults_mumra_hex,
          nicolae_vaults_little_squares_3, nicolae_vaults_little_squares_3,
          hangedman_vaults_restitches, v_misc_2, hangedman_vaults_locks,
          nicolae_vaults_fighting_squares, v_misc_2, ontoclasm_vaults_fault,
          nicolae_vaults_mini_display_case, vaults_room_pool,
          layout_vaults_omnicross, uniq_frederick
Vaults:4: grunt_vaults_hallway_short, grunt_vaults_trifunnel,
          hangedman_vaults_variations, hangedman_vaults_restitches,
          ontoclasm_vaults_ring_small, nicolae_vaults_angled_halls, v_pattern_5,
          v_rooms_5, ontoclasm_vaults_bender, nicolae_vaults_three_branches,
          ontoclasm_vaults_loading_screen, layout_vaults_ring, serial_shops,
          shop
Depths:1: layout_cave_pools, abyss_entry_glasseish, mu_enter_wizlab_2,
          hell_entry, lemuel_freeze_loot_1
Depths:2: minmay_the_grid_square_5x5_5x5 [minmay_the_grid_square_5x5_detours,
          minmay_the_grid_square_5x5_tie, minmay_the_grid_square_5x5_inner_v,
          minmay_the_grid_square_5x5_n, minmay_the_grid_square_5x5_empty,
          minmay_the_grid_square_5x5_two,
          minmay_the_grid_square_5x5_prize_snowflake,
          minmay_the_grid_square_5x5_empty,
          minmay_the_grid_square_5x5_prize_rear_guard,
          minmay_the_grid_square_5x5_pentomino_r,
          minmay_the_grid_square_5x5_shuriken,
          minmay_the_grid_square_5x5_gyroscope,
          minmay_the_grid_square_5x5_prize_gold,
          minmay_the_grid_square_5x5_inset,
          minmay_the_grid_square_5x5_almost_minimal,
          minmay_the_grid_square_5x5_doubleslash,
          minmay_the_grid_square_5x5_prize_pseudospiral,
          minmay_the_grid_square_5x5_minivault,
          minmay_the_grid_square_5x5_prize_monsterx,
          minmay_the_grid_square_5x5_dogpile,
          minmay_the_grid_square_5x5_percent,
          minmay_the_grid_square_5x5_moneybag, minmay_the_grid_square_5x5_z,
          minmay_the_grid_square_5x5_half_checkered,
          minmay_the_grid_square_5x5_shrine2], layout_basic, enter_ziggurat_d,
          hell_entry, serial_corexii_hall, corexii_hall_statues_deadend,
          corexii_hall_statues_i, corexii_hall_statues_i,
          chequers_hall_statues_y, kennysheep_nondecorative_pillar,
          serial_bayou_shore_b

Skill      XL: |  1  2  3  4  5  6  7  8  9 10 11 12 13 14 15 16 17 18 19 20 21 22 23 24 25 |
---------------+----------------------------------------------------------------------------+-----
Dodging        | 3 4 5 6 7 9 11 13 15 17 19 20 | 20.0
Polearms       | 4 5 6 7 8 10 12 13 17 20 21 22 | 22.7
Fighting       | 3 4 5 7 9 11 13 15 16 17 18 20 22 23 24 25 26 | 26.3
Translocations | 3 4 5 6 7 9 11 13 14 16 17 | 17.2
Armour         | 3 4 |  4.6
Throwing       | |  1.0
Spellcasting   | |  2.0

Action                   |  1- 3 |  4- 6 |  7- 9 | 10-12 | 13-15 | 16-18 | 19-21 | 22-24 | 25-27 || total
-------------------------+-------+-------+-------+-------+-------+-------+-------+-------+-------++-------
Melee: Spear             |   127 |   440 |   769 |   944 |   731 |       |       |       |       ||  3011
       Tailslap          |     2 |       |     5 |     4 |     8 |    71 |       |       |       ||    90
       Glaive            |       |       |       |       |   697 |  1272 |  1446 |   584 |   148 ||  4147
       Headbutt          |       |       |       |       |       |       |       |    27 |    49 ||    76
Throw: Boomerang         |       |     3 |       |       |     4 |       |       |       |       ||     7
 Cast: Blink             |       |       |     1 |    12 |    14 |     3 |       |       |     3 ||    33
       Passage of Golubr |       |       |       |       |     4 |       |       |     6 |       ||    10
       Apportation       |       |       |       |       |     1 |       |       |       |       ||     1
Evoke: Wand              |       |       |       |       |     2 |       |       |       |       ||     2
  Use: Potion            |       |     5 |       |     1 |     5 |     7 |     2 |     7 |     7 ||    34
       Scroll            |       |       |     5 |    18 |    14 |    11 |    15 |     4 |     4 ||    71
 Stab: Sleeping          |     2 |       |     2 |     4 |    11 |     9 |       |       |       ||    28
       Distracted        |       |       |       |     2 |     3 |     7 |     1 |       |     1 ||    14
       Petrifying        |       |       |       |       |     1 |       |       |       |       ||     1
       Petrified         |       |       |       |       |     1 |       |       |       |       ||     1
Armor: Leather armour    |    15 |       |       |       |       |       |       |       |       ||    15
       Quicksilver drago |    13 |   100 |   180 |   109 |   198 |    69 |       |       |       ||   669
       Skin              |       |     4 |       |       |       |       |       |       |       ||     4
       Plate armour      |       |       |       |       |       |   196 |   289 |   101 |    45 ||   631
Dodge: Dodged            |    61 |   183 |   430 |   545 |  1775 |  1611 |  1202 |   491 |   116 ||  6414
Block: Other             |       |       |       |       |       |   135 |   228 |    77 |    32 ||   472
       Reflection        |       |       |       |       |       |     6 |    30 |    14 |     6 ||    56

Table legend: (Time is in decaauts)
 A = Elapsed time spent in this place.
 B = Non-inter-level travel time spent in this place.
 C = Inter-level travel time spent in this place.
 D = Time resting spent in this place.
 E = Time spent auto-exploring this place.
 F = Levels seen in this place.
 G = Mean time per level.
                   A        B        C        D        E       F      G
               +--------+--------+--------+--------+--------+-----+--------+
         Total |  71567 |  67831 |   3736 |   4159 |  51365 |  43 | 1664.3 |
       Dungeon |  23159 |  21953 |   1206 |   1351 |  16784 |  15 | 1543.9 |
        Temple |      1 |      1 |      0 |      0 |      0 |   1 |    1.0 |
          Lair |  11124 |  10197 |    927 |      0 |   8480 |   6 | 1854.0 |
         Swamp |   5314 |   5005 |    309 |    704 |   3348 |   4 | 1328.5 |
     Snake Pit |   8737 |   8254 |    483 |    650 |   6475 |   4 | 2184.2 |
  Orcish Mines |   3090 |   2820 |    270 |      0 |   2344 |   2 | 1545.0 |
        Vaults |  12358 |  11852 |    506 |      0 |  10112 |   4 | 3089.5 |
        Depths |   2058 |   2026 |     32 |    670 |    760 |   2 | 1029.0 |
        Bailey |    422 |    422 |      0 |      0 |    274 |   1 |  422.0 |
      Ice Cave |   1150 |   1150 |      0 |    111 |    621 |   1 | 1150.0 |
       Volcano |    120 |    120 |      0 |      0 |     77 |   1 |  120.0 |
        Wizlab |   3211 |   3211 |      0 |    575 |   1668 |   1 | 3211.0 |
      Gauntlet |    818 |    818 |      0 |     97 |    420 |   1 |  818.0 |
               +--------+--------+--------+--------+--------+-----+--------+

Top non-repeatable levels by time:
Vaults:1: 3652 daAuts
Vaults:4: 3294 daAuts
  WizLab: 3211 daAuts
 Snake:4: 3017 daAuts
  Lair:6: 2872 daAuts
 Snake:3: 2755 daAuts
Vaults:2: 2723 daAuts
Vaults:3: 2687 daAuts
    D:13: 2605 daAuts
    D:15: 2200 daAuts
     D:6: 1978 daAuts
  Lair:1: 1869 daAuts
    D:12: 1790 daAuts
   Orc:2: 1766 daAuts
    D:14: 1742 daAuts
